 Dungeon Crawl Stone Soup version 0.21.1-1-g345015f (webtiles) character file.

1466 tidbits the Charmwright (level 8, 64/64 HPs)
             Began as a Gnoll Skald on June 27, 2018.
             Quit the game on level 6 of the Dungeon.
             The game lasted 00:15:29 (1780 turns).

tidbits the Charmwright (Gnoll Skald)               Turns: 1780, Time: 00:15:30

Health: 64/64      AC:  8    Str: 14      XL:     8   Next: 77%
Magic:  17/17      EV: 13    Int: 17      God:
Gold:   201        SH:  0    Dex: 14 (15) Spells: 8/19 levels left

rFire    . . .     SeeInvis .   a - +0 war axe
rCold    . . .     Gourm    .   (no shield)
rNeg     . . .     Faith    .   B - +0 ring mail
rPois    .         Spirit   .   (no helmet)
rElec    .         Reflect  .   (no cloak)
rCorr    .         Harm     .   G - +0 pair of gloves
MR       .....                  F - +0 pair of boots
Stlth    ++........             R - amulet of regeneration
HPRegen  0.60/turn              n - ring of flight
MPRegen  0.15/turn              (no ring)

@: no status effects
A: distributed training, fangs 1, strong nose
a: Evoke Flight


You were on level 6 of the Dungeon.
You were not hungry.

You visited 1 branch of the dungeon, and saw 8 of its levels.
You also visited: Sewer.

You collected 201 gold pieces.

Inventory:

Hand Weapons
 a - a +0 war axe (weapon)
 i - a +0 short sword of protection
   (You took it off an orc on level 5 of the Dungeon)
 r - a +0 dagger
 E - a +0 longbow
 J - a +0 hand axe
Missiles
 u - 12 stones (quivered)
 D - 3 tomahawks
 H - 24 arrows
Armour
 j - a +0 robe of magic resistance
   (You found it on level 6 of the Dungeon)
 l - a +0 leather armour
 B - a +0 ring mail (worn)
 F - a +0 pair of boots (worn)
 G - a +0 pair of gloves (worn)
 M - a +1 robe of positive energy
   (You took it off an orc wizard on level 6 of the Dungeon)
Jewellery
 n - a ring of flight (left hand)
   (You found it on level 1 of the Dungeon)
 R - an amulet of regeneration (around neck)
   (You found it on level 6 of the Dungeon)
Wands
 k - a wand of iceblast (13)
 v - a wand of flame (17)
Scrolls
 b - 3 scrolls of teleportation
 e - 2 scrolls of enchant armour {unknown}
 h - 5 scrolls of remove curse {unknown}
 p - 3 scrolls of fog {unknown}
 x - 2 scrolls of blinking
 y - 3 scrolls of random uselessness {unknown}
 A - a scroll of fear {unknown}
 C - a scroll of enchant weapon {unknown}
 I - a scroll of noise {unknown}
Potions
 f - 3 potions of brilliance {unknown}
 g - 4 potions of curing
 m - a potion of berserk rage {unknown}
 o - 5 potions of might
 q - 2 potions of haste {unknown}
 s - a potion of cancellation {unknown}
 t - 2 potions of degeneration {unknown}
 w - a potion of heal wounds
 z - 3 potions of magic
 N - a potion of ambrosia {unknown}
Books
 d - a book of Battle

   Spells                             Type                      Level
   a - Infusion                       Charms                       1
   b - Shroud of Golubria             Charms/Translocation         2
   c - Song of Slaying                Charms                       2
   d - Spectral Weapon                Hexes/Charms                 3
   e - Regeneration                   Charms/Necromancy            3
 K - a book of Misfortune
   (You found it on level 6 of the Dungeon)

   Spells                             Type                      Level
   a - Confusing Touch                Hexes                        1
   b - Confuse                        Hexes                        3
   c - Gell's Gravitas                Translocation                3
   d - Petrify                        Transmutation/Earth          4
   e - Metabolic Englaciation         Hexes/Ice                    5
   f - Yara's Violent Unravelling     Hexes/Transmutation          5
Comestibles
 c - 6 rations
 L - 4 chunks of flesh


   Skills:
 + Level 5.8 Fighting
 + Level 3.5 Short Blades
 + Level 3.5 Long Blades
 + Level 5.8 Axes
 + Level 3.5 Maces & Flails
 + Level 3.5 Polearms
 + Level 3.5 Staves
 + Level 3.5 Slings
 + Level 3.5 Bows
 + Level 3.5 Crossbows
 + Level 3.5 Throwing
 + Level 4.4 Armour
 + Level 5.8 Dodging
 + Level 3.5 Stealth
 + Level 3.5 Shields
 + Level 3.5 Unarmed Combat
 + Level 6.1 Spellcasting
 + Level 2.8 Conjurations
 + Level 2.8 Hexes
 + Level 6.2 Charms
 + Level 2.8 Summonings
 + Level 2.8 Necromancy
 + Level 2.8 Translocations
 + Level 2.8 Transmutations
 + Level 2.8 Fire Magic
 + Level 2.8 Ice Magic
 + Level 2.8 Air Magic
 + Level 2.8 Earth Magic
 + Level 2.8 Poison Magic
 + Level 3.8 Invocations
 + Level 3.5 Evocations


You had 8 spell levels left.
You knew the following spells:

 Your Spells              Type           Power        Failure   Level  Hunger
g - Shroud of Golubria    Chrm/Tloc      ###.......   5%          2    None
i - Infusion              Chrm           ####         1%          1    None
r - Regeneration          Chrm/Necr      ###.......   11%         3    ##.....
w - Spectral Weapon       Hex/Chrm       ###.....     11%         3    ##.....
y - Song of Slaying       Chrm           ####....     2%          2    None


Dungeon Overview and Level Annotations

Branches:
Dungeon (8/15)
 Temple: D:4-7         Lair: D:8-11

Altars:
Dithmenos
Elyvilon
Vehumet
Zin
The Shining One

Shops:
D:5 :


Innate Abilities, Weirdness & Mutations

Your experience applies equally to all skills.
You have very sharp teeth.
Your uncanny sense of smell can sniff out nearby items.


Message History

You open the door.
There is an open door here.
You see here 12 poisoned needles.
There is a stone staircase leading down here.
A quasit comes into view.
Casting: Spectral Weapon
Confirm with . or Enter, or press ? or * to list all spells.
You draw out your weapon's spirit!
A scorpion comes into view.
The quasit gives a chilling moan.
The quasit bites you but does no damage.
The quasit closely misses you.
The quasit claws you but does no damage.
The quasit misses you. The quasit claws you. The quasit misses you.
Casting: Spectral Weapon
Confirm with . or Enter, or press ? or * to list all spells.
You start singing a song of slaying.
The quasit bites you but does no damage.
The quasit claws you but does no damage.
The quasit misses you.
Unknown command.
Your ring mail prevents you from hitting the quasit.
Your spectral weapon misses the quasit.
The quasit closely misses you. The quasit completely misses you.
The quasit claws you but does no damage.
The quasit bites you but does no damage.
The quasit closely misses you. The quasit misses you.
You closely miss the quasit.
Your spectral weapon misses the quasit.
The quasit bites you but does no damage.
The quasit claws you but does no damage.
The quasit closely misses you.
You closely miss the quasit. You barely miss the scorpion.
Your spectral weapon hits the quasit.
The quasit bites you but does no damage.
The quasit claws you.
You feel clumsy. The quasit misses you. The scorpion stings you.
The quasit closely misses you. x2
The quasit claws you but does no damage.
The scorpion closely misses you.
You closely miss the quasit. Your bite misses the quasit.
The quasit is heavily wounded.
You hit the scorpion but do no damage.
Your spectral weapon hits the quasit.
The quasit bites your spectral weapon but does no damage.
The quasit barely misses your spectral weapon.
The quasit claws your spectral weapon but does no damage.
The scorpion barely misses you.
You catch the helpless quasit completely off-guard!
You hit the quasit but do no damage.
The quasit is severely wounded.
You closely miss the scorpion.
Your spectral weapon hits the quasit!
You kill the quasit!
The scorpion stings you.
You slash the scorpion!
The scorpion is heavily wounded.
Your spectral weapon hits the scorpion!
You kill the scorpion!
No target in view!
No target in view!
Your spectral weapon fades away.
You hear a bark!
A hound comes into view.
Unknown command.
Casting: Song of Slaying
Confirm with . or Enter, or press ? or * to list all spells.
You draw out your weapon's spirit!
The hound bites your spectral weapon.
Your spectral weapon shares its damage with you!
The hound barely misses your spectral weapon.
You hit the hound.
The hound is moderately wounded.
Your spectral weapon barely misses the hound.
The hound bites you. The hound closely misses you.
You slash the hound!
You kill the hound!
You open the door.
Found a ration.
Unknown command.
There is an open door here.
Your song is almost over.
You see here a ration.
c - 6 rations (gained 1)
You swap places.
You open the door.
Found a spear.
There is an open door here.
Your song has ended.
Your spectral weapon fades away.
As you open the door, it creaks loudly!
There is an open door here.
You open the door.
Found 5 gold pieces.
There is an open door here.
Found 10 gold pieces.
You see here 10 gold pieces.
You now have 201 gold pieces (gained 10).
You open the door.
There is an open door here.
You open the door.
There is an open door here.
There is an open door here.
Are you sure you want to abandon this character and quit the game? (Confirm with "yes".)

....... .##.## .#
##### .# #...# .#
#...# .# #...#
'###### ##..#
......#####...##'##
.....$# .......#@.#
......# ......#..#
......#.. .....#..#
......#... ....#..#
......##.# #..##..#
##.....#.###..##..#
#.....#..#...#...#
#.....#..#...'...#
#.....#..#...#...#


There were no monsters in sight!

Vanquished Creatures
  A hippogriff (D:7)
  Menkaure (D:6)
  An orc warrior (D:6)
  An ogre (D:4)
  A centaur (D:6)
  4 bullfrogs
  2 scorpions
  A crimson imp (D:6)
  A quasit (D:6)
  2 hounds
  2 orc wizards
  2 iguanas
  4 worker ants
  A worker ant zombie (D:7)
  11 adders
  3 river rats (Sewer)
  A shadow imp (D:5)
  4 oozes
  A worm (D:6)
  2 dart slugs
  2 leopard geckos
  8 orcs
  9 ball pythons
  4 giant cockroaches
  A hobgoblin (D:1)
  5 jackals (D:2)
  3 quokkas
  2 bats
  3 frilled lizards
  3 goblins
  2 kobolds
  27 rats
115 creatures vanquished.

Vanquished Creatures (others)
  2 spectral weapons
2 creatures vanquished.

Grand Total: 117 creatures vanquished

Notes
Turn   | Place    | Note
-------+----------+-------------------------------------------
     0 | D:1      | tidbits the Gnoll Skald began the quest for the Orb.
     0 | D:1      | Reached XP level 1. HP: 20/20 MP: 6/6
    61 | D:2      | Reached XP level 2. HP: 12/26 MP: 0/7
    66 | D:2      | Learned a level 2 spell: Song of Slaying
    69 | D:2      | Learned a level 2 spell: Shroud of Golubria
   120 | D:2      | Reached skill level 5 in Spellcasting
   120 | D:2      | Reached XP level 3. HP: 13/31 MP: 2/9
   125 | D:2      | Learned a level 3 spell: Regeneration
   129 | D:2      | Learned a level 3 spell: Spectral Weapon
   173 | D:2      | Reached skill level 1 in Invocations
   260 | D:4      | Reached skill level 1 in Short Blades
   260 | D:4      | Reached skill level 1 in Long Blades
   260 | D:4      | Reached skill level 1 in Maces & Flails
   260 | D:4      | Reached skill level 1 in Polearms
   260 | D:4      | Reached skill level 1 in Staves
   260 | D:4      | Reached skill level 1 in Slings
   260 | D:4      | Reached skill level 1 in Bows
   260 | D:4      | Reached skill level 1 in Crossbows
   260 | D:4      | Reached skill level 1 in Throwing
   260 | D:4      | Reached skill level 1 in Stealth
   260 | D:4      | Reached skill level 1 in Shields
   260 | D:4      | Reached skill level 1 in Unarmed Combat
   260 | D:4      | Reached skill level 1 in Evocations
   260 | D:4      | Reached XP level 4. HP: 25/38 MP: 2/11
   261 | D:4      | Reached skill level 1 in Conjurations
   261 | D:4      | Reached skill level 1 in Hexes
   261 | D:4      | Reached skill level 1 in Summonings
   261 | D:4      | Reached skill level 1 in Necromancy
   261 | D:4      | Reached skill level 1 in Translocations
   261 | D:4      | Reached skill level 1 in Transmutations
   261 | D:4      | Reached skill level 1 in Fire Magic
   261 | D:4      | Reached skill level 1 in Ice Magic
   261 | D:4      | Reached skill level 1 in Air Magic
   261 | D:4      | Reached skill level 1 in Earth Magic
   261 | D:4      | Reached skill level 1 in Poison Magic
   399 | D:4      | Found a radiant altar of Vehumet.
   425 | D:4      | Reached XP level 5. HP: 36/43 MP: 5/12
   432 | D:4      | Reached skill level 3 in Armour
   521 | D:5      | Entered Level 5 of the Dungeon
   556 | D:5      | Found a glowing golden altar of the Shining One.
   558 | D:5      | Found a glowing silver altar of Zin.
   561 | D:5      | Found a white marble altar of Elyvilon.
   650 | D:4      | Found a glowing drain.
   652 | D:4      | Noticed an ogre
   659 | D:4      | Killed an ogre
   659 | D:4      | Reached skill level 2 in Invocations
   659 | D:4      | Reached XP level 6. HP: 39/50 MP: 2/14
   680 | D:4      | Reached skill level 5 in Fighting
   680 | D:4      | Reached skill level 5 in Axes
   680 | D:4      | Reached skill level 5 in Dodging
   689 | Sewer    | Entered a sewer
   709 | Sewer    | Reached skill level 2 in Short Blades
   709 | Sewer    | Reached skill level 2 in Long Blades
   709 | Sewer    | Reached skill level 2 in Maces & Flails
   709 | Sewer    | Reached skill level 2 in Polearms
   709 | Sewer    | Reached skill level 2 in Staves
   709 | Sewer    | Reached skill level 2 in Slings
   709 | Sewer    | Reached skill level 2 in Bows
   709 | Sewer    | Reached skill level 2 in Crossbows
   709 | Sewer    | Reached skill level 2 in Throwing
   709 | Sewer    | Reached skill level 2 in Stealth
   709 | Sewer    | Reached skill level 2 in Shields
   709 | Sewer    | Reached skill level 2 in Unarmed Combat
   709 | Sewer    | Reached skill level 2 in Evocations
   882 | Sewer    | Reached XP level 7. HP: 35/56 MP: 5/15
   965 | D:5      | Reached skill level 2 in Conjurations
   965 | D:5      | Reached skill level 2 in Hexes
   965 | D:5      | Reached skill level 2 in Summonings
   965 | D:5      | Reached skill level 2 in Necromancy
   965 | D:5      | Reached skill level 2 in Translocations
   965 | D:5      | Reached skill level 2 in Transmutations
   965 | D:5      | Reached skill level 2 in Fire Magic
   965 | D:5      | Reached skill level 2 in Ice Magic
   965 | D:5      | Reached skill level 2 in Air Magic
   965 | D:5      | Reached skill level 2 in Earth Magic
   965 | D:5      | Reached skill level 2 in Poison Magic
  1073 | D:6      | Noticed Menkaure
  1082 | D:6      | Killed Menkaure
  1082 | D:6      | Reached skill level 3 in Invocations
  1193 | D:5      | Reached XP level 8. HP: 57/63 MP: 11/16
  1203 | D:5      | Found Itsidiw's Book Boutique.
  1341 | D:7      | Noticed a hippogriff
  1350 | D:7      | Reached skill level 6 in Charms
  1361 | D:7      | Killed a hippogriff
  1361 | D:7      | Reached skill level 3 in Short Blades
  1361 | D:7      | Reached skill level 3 in Long Blades
  1361 | D:7      | Reached skill level 3 in Maces & Flails
  1361 | D:7      | Reached skill level 3 in Polearms
  1361 | D:7      | Reached skill level 3 in Staves
  1361 | D:7      | Reached skill level 3 in Slings
  1361 | D:7      | Reached skill level 3 in Bows
  1361 | D:7      | Reached skill level 3 in Crossbows
  1361 | D:7      | Reached skill level 3 in Throwing
  1361 | D:7      | Reached skill level 4 in Armour
  1361 | D:7      | Reached skill level 3 in Stealth
  1361 | D:7      | Reached skill level 3 in Shields
  1361 | D:7      | Reached skill level 3 in Unarmed Combat
  1361 | D:7      | Reached skill level 3 in Evocations
  1409 | D:7      | Reached skill level 6 in Spellcasting
  1573 | D:6      | Found a shadowy altar of Dithmenos.
  1780 | D:6      | Quit the game

Skill      XL: |  1  2  3  4  5  6  7  8 |
---------------+-------------------------+-----
Spellcasting   | 5 6 |  6.1
Invocations    | 1 2 3 |  3.8
Short Blades   | 1 2 3 |  3.5
Long Blades    | 1 2 3 |  3.5
Maces & Flails | 1 2 3 |  3.5
Polearms       | 1 2 3 |  3.5
Staves         | 1 2 3 |  3.5
Slings         | 1 2 3 |  3.5
Bows           | 1 2 3 |  3.5
Crossbows      | 1 2 3 |  3.5
Throwing       | 1 2 3 |  3.5
Stealth        | 1 2 3 |  3.5
Shields        | 1 2 3 |  3.5
Unarmed Combat | 1 2 3 |  3.5
Evocations     | 1 2 3 |  3.5
Conjurations   | 1 2 |  2.8
Hexes          | 1 2 |  2.8
Summonings     | 1 2 |  2.8
Necromancy     | 1 2 |  2.8
Translocations | 1 2 |  2.8
Transmutations | 1 2 |  2.8
Fire Magic     | 1 2 |  2.8
Ice Magic      | 1 2 |  2.8
Air Magic      | 1 2 |  2.8
Earth Magic    | 1 2 |  2.8
Poison Magic   | 1 2 |  2.8
Armour         | 3 4 |  4.4
Fighting       | 5 |  5.8
Axes           | 5 |  5.8
Dodging        | 5 |  5.8
Charms         | 6 |  6.2

Action                   |  1- 3 |  4- 6 |  7- 9 || total
-------------------------+-------+-------+-------++-------
Melee: Hand axe          |    58 |    97 |    71 ||   226
       Bite              |     7 |     7 |    11 ||    25
       Punch             |       |     1 |       ||     1
       War axe           |       |       |    25 ||    25
 Cast: Infusion          |     4 |       |       ||     4
       Song of Slaying   |     3 |     7 |     5 ||    15
       Shroud of Golubri |     1 |     1 |     2 ||     4
       Spectral Weapon   |     2 |    12 |    13 ||    27
       Regeneration      |     1 |     1 |     5 ||     7
 Abil: Evoke Flight      |       |     3 |       ||     3
Evoke: Wand              |       |     4 |       ||     4
  Use: Scroll            |       |       |     6 ||     6
       Potion            |       |       |     1 ||     1
 Stab: Distracted        |     1 |       |     4 ||     5
       Sleeping          |       |       |     1 ||     1
  Eat: Chunk             |       |     2 |     4 ||     6
Armor: Leather armour    |    15 |    31 |     2 ||    48
       Ring mail         |       |       |    33 ||    33
Dodge: Dodged            |    37 |    72 |    73 ||   182

Table legend:
 A = Turns spent in this place as a percentage of turns spent in the entire game.
 B = Non-inter-level travel turns spent in this place as a percentage of non-inter-level travel turns spent in the entire game.
 C = Inter-level travel turns spent in this place as a percentage of turns spent in this place.
 D = Turns resting spent in this place as a percentage of non-inter-level travel turns spent in this place.
 E = Turns spent auto-exploring this place as a percentage of non-inter-level travel turns spent in this place.
 F = Non-inter-level travel turns spent in this place divided by the number of levels of this place that you've seen.
                   A       B       C       D       E      F
               +-------+-------+-------+-------+-------+----------------------
         Total | 100.0 | 100.0 |   3.8 |   0.0 |   0.0 | 190.3
       Dungeon |  87.0 |  86.5 |   4.3 |   0.0 |   0.0 | 185.2
         Sewer |  13.0 |  13.5 |   0.0 |   0.0 |   0.0 | 231.0
               +-------+-------+-------+-------+-------+----------------------

Table legend:
 A = Kills in this place as a percentage of kills in entire the game.
 B = Kills by you in this place as a percentage of kills by you in the entire game.
 C = Kills by friends in this place as a percentage of kills by friends in the entire game.
 D = Other kills in this place as a percentage of other kills in the entire game.
 E = Experience gained in this place as a percentage of experience gained in the entire game.
 F = Experience gained in this place divided by the number of levels of this place that you have seen.
                   A       B       C       D       E      F
               +-------+-------+-------+-------+-------+----------------------
         Total | 100.0 | 100.0 |   N/A |   N/A | 100.0 | 232.8
       Dungeon |  58.3 |  58.3 |   N/A |   N/A |  83.1 | 217.5
         Sewer |  41.7 |  41.7 |   N/A |   N/A |  16.9 | 355.0
               +-------+-------+-------+-------+-------+----------------------

Vault maps used:
D:1:      saegor_arrival_simple_a, corexii_item_surrounded_by_moat
D:2:      amethyst_overflow_temple_binary, st_stairs_6
D:3:      minmay_door_path, first_ration
D:4:      gup_sewer_entry_glass, vehumet_altar_wand_db
D:5:      good_gods_temple_1, serial_shops, shop_fountains, st_stairs_3
D:6:      nicolae_dithmenos_through_a_glass_darkly, uniq_menkaure, uniq_sigmund
D:7:      old_standard_altar, temple_fountains
D:8:      david_lair_shrubbed
Sewer:    sewer_minmay_w
